AoeStats
← FunMeh

Arena

510506107Analyzed
2v2 RM · 1d ago on Oct 1, 2026· 44m 29s· 4 players
Game mode
Random Map
Map size
Medium (4 player)
Population
200
Speed
Normal
Resources
Standard
Victory
Conquest
Starting age
Dark Age
Ending age
Imperial Age
RankedLock teamsTeams togetherTeam positionsShared explorationLock speedFull tech treeHidden civsTurbo modeCheats
Victory
Defeat
🇨🇳 Magyars · China
1222
+14
🇫🇷 Mongols · France
1208
+15
🇫🇷 Huns · France
1197
-15
🇩🇪 Slavs · Germany
1169
-14
FunMeh
melkillcam
9:37 Feudal Age
10:03 Double-Bit Axe
16:08 Castle Age
14:22 Horse Collar
17:17 Bow Saw
17:20 Scale Barding Armor
17:36 Town Watch
25:10 Heavy Plow
25:14 Gold Mining
26:23 Wheelbarrow
26:18 Bloodlines
27:00 Chain Barding Armor
26:36 Loom
27:11 Stone Mining
28:40 Hand Cart
28:29 Marauders
29:23 Forging
30:15 Hand Cart
30:34 Fletching
31:44 Bodkin Arrow
34:40 Imperial Age
32:23 Bodkin Arrow
34:22 Iron Casting
33:21 Elite Skirmisher
34:38 Husbandry
36:34 Two-Man Saw
36:15 Conscription
36:44 Plate Barding Armor
37:23 Bracer
37:46 Thumb Ring
38:00 Thumb Ring
39:34 Gold Shaft Mining
40:01 Blast Furnace
40:14 Parthian Tactics
39:13 Heavy Cavalry Archer
40:21 Parthian Tactics
Atès
5:07 Loom
10:28 Feudal Age
14:12 Castle Age
12:01 Double-Bit Axe
12:49 Horse Collar
23:25 Bow Saw
23:17 Heavy Plow
26:22 Gold Mining
26:22 Stone Mining
27:13 Forging
27:03 Scale Mail Armor
26:30 Pikeman
29:53 Iron Casting
29:36 Chain Mail Armor
30:44 Wheelbarrow
31:14 Fervor
33:47 Imperial Age
32:10 Ballistics
32:36 Fletching
32:46 Padded Archer Armor
33:04 Bloodlines
32:55 Husbandry
34:41 Hand Cart
34:26 Bodkin Arrow
34:46 Leather Archer Armor
35:16 Conscription
35:20 Drill
34:39 Heavy Camel Rider
35:47 Squires
36:49 Blast Furnace
35:50 Bracer
35:23 Capped Ram
35:33 Elite Mangudai
36:23 Siege Ram
38:01 Plate Mail Armor
37:43 Elite Skirmisher
38:57 Thumb Ring
39:45 Scale Barding Armor
没钱买DLC
Connection lost

Rejoining the realm…

Still unreachable

The connection could not be restored.

Session expired

The server has moved on; the page needs a fresh start.